 Dungeon Crawl Stone Soup version 0.30.0-5-g1a98f26d00 (webtiles) character file.

Game seed: 17918435965810848621

11521 Orangeyouglad the Basher (level 12, -1/92 HPs)
             Began as a Human Hedge Wizard on May 10, 2023.
             Was a High Priest of Fedhas.
             Slain by a black mamba (2 damage)
             ... while petrified by a basilisk
             ... on level 2 of the Lair of Beasts on May 11, 2023.
             The game lasted 00:50:33 (14248 turns).

Orangeyouglad the Basher (Human Hedge Wizard)      Turns: 14248, Time: 00:50:33

Health: -1/92      AC:  7    Str: 12    XL:     12   Next: 8%
Magic:  27/27      EV:  2    Int: 25    God:    Fedhas [*****.]
Gold:   549        SH:  0    Dex: 12    Spells: 7/19 levels left

rFire   . . .        A - +2 mace (protect)
rCold   . . .        (no shield)
rNeg    + + +        b - +0 robe
rPois   ∞            y - +0 helmet
rElec   .            p - +1 cloak
rCorr   .            u - +0 pair of gloves
SInv    .            m - +0 pair of boots
Will    .....        E - amulet of the acrobat
Stlth   ++           s - ring of magical power
HPRegen 0.35/turn    h - +6 ring of intelligence
MPRegen 0.20/turn

%: acrobat
@: petrified, marked, studying Maces & Flails
A: no striking features
a: Renounce Religion, Wall of Briars, Grow Ballistomycete, Overgrow, Grow Oklob


You were on level 2 of the Lair of Beasts.
You worshipped Fedhas.
Fedhas was extremely pleased with you.
You visited 2 branches of the dungeon, and saw 10 of its levels.

You collected 549 gold pieces.

Inventory:

Hand Weapons
 A - a +2 mace of protection (weapon)
 F - a +0 shortbow
 K - a +3 morningstar of freezing
Missiles
 l - 14 poisoned darts
 C - 9 boomerangs
Armour
 b - a +0 robe (worn)
 c - a +0 hat
 e - a +2 ring mail of cold resistance
 m - a +0 pair of boots (worn)
 p - a +1 cloak (worn)
 u - a +0 pair of gloves (worn)
 y - a +0 helmet (worn)
Jewellery
 h - a +6 ring of intelligence (right hand)
 s - a ring of magical power (left hand)
 E - an amulet of the acrobat (around neck)
 I - a ring of poison resistance
 N - a ring of magical power
Wands
 B - a wand of polymorph (3)
 D - a wand of flame (36)
 Q - a wand of charming (3)
 R - a wand of light (4)
Scrolls
 j - 2 scrolls of fog
 q - 3 scrolls of amnesia
 r - 3 scrolls of teleportation {unknown}
 v - 2 scrolls of enchant armour {unknown}
 w - 3 scrolls of vulnerability
 G - a scroll of blinking {unknown}
 H - 2 scrolls of immolation {unknown}
 M - 2 scrolls of torment {unknown}
 P - a scroll of magic mapping {unknown}
Potions
 d - 4 potions of magic
 f - a potion of haste
 g - 4 potions of brilliance
 i - 6 potions of curing
 k - 2 potions of heal wounds
 n - 3 potions of mutation
 t - 2 potions of attraction {unknown}
 x - a potion of flight {unknown}
 z - a potion of invisibility {unknown}
 J - 2 potions of lignification {unknown}
 O - a potion of might {unknown}


   Skills:
 + Level 8.1 Fighting
 + Level 10.2 Maces & Flails
 + Level 8.8 Dodging
 - Level 3.0 Stealth
 - Level 4.0 Spellcasting
 - Level 5.3 Conjurations
 + Level 8.2 Summonings
 - Level 2.0 Translocations
 - Level 5.0 Air Magic
 - Level 2.0 Poison Magic
 + Level 2.3 Invocations


You had 7 spell levels left.
You knew the following spells:

 Your Spells              Type           Power      Damage    Failure   Level
a - Magic Dart            Conj           100%       1d8       1%          1
b - Blink                 Tloc           30%        N/A       6%          2
c - Call Imp              Summ           92%        N/A       1%          2
d - Mephitic Cloud        Conj/Pois/Air  25%        N/A       4%          3
e - Summon Lightning Spi  Summ/Air       38%        N/A       6%          4

Your spell library contained the following spells:

 Spells                   Type           Power      Damage    Failure   Level
 Shock                    Conj/Air       100%       1d9       1%          1
 Static Discharge         Conj/Air       60%        2-5/arc   1%          2
 Swiftness                Air            30%        N/A       3%          3
 Cigotuvi's Dreadful Rot  Necr/Pois/Air  32%        N/A       5%          2
 Slow                     Hex            20%        N/A       9%          1
 Airstrike                Air            15%        2d(3-19)  12%         4


Dungeon Overview and Level Annotations

Branches:
Dungeon (8/15)             Temple (0/1) D:4            Lair (2/5) D:8
  Swamp: Lair:2-3    Shoals: Lair:2-3     Snake: Lair:2-3    Spider: Lair:2-3

Altars:
Elyvilon
Fedhas
Hepliaklqana
Nemelex Xobeh
Okawaru
Ru
Uskayaw
Wu Jian
Xom
Yredelemnul
Zin

Shops:
D:1 =   D:5 =[


Message History

Your blink frog blinks!
The black mamba bites you!
Your blink frog hits the harpy!
Your blink frog blinks!
The harpy claws you but does no damage. x2
Your water moccasin bites the harpy.
The harpy is poisoned.
Your water moccasin poisons the harpy!
The black mamba bites you! The harpy claws you!
The harpy claws you but does no damage. The harpy claws you!
The harpy claws you. The harpy claws you! The harpy claws you.
The black mamba bites you.
The harpy claws you but does no damage. x2; The harpy claws your bullfrog! x2
Your bullfrog dies!
Your bullfrog's corpse dissolves into shadows!
Your water moccasin closely misses the harpy.
Your blink frog blinks!
The black mamba bites you! The harpy barely misses you. The harpy claws you!
* * * LOW HITPOINT WARNING * * *
The harpy claws you!
* * * LOW HITPOINT WARNING * * *
The harpy claws you. x2; The harpy claws you!
* * * LOW HITPOINT WARNING * * *
The harpy claws you.
* * * LOW HITPOINT WARNING * * *
The harpy claws you.
* * * LOW HITPOINT WARNING * * *
Your water moccasin misses the harpy.
Your blink frog blinks!
The black mamba bites you!
* * * LOW HITPOINT WARNING * * *
The harpy claws you.
* * * LOW HITPOINT WARNING * * *
The harpy claws you but does no damage.
Your blink frog blinks! x2
Your water moccasin completely misses the harpy.
The harpy barely misses you.
The harpy claws you but does no damage. x3
The harpy completely misses you. The harpy claws you.
* * * LOW HITPOINT WARNING * * *
The black mamba bites you.
You die...
Fedhas appreciates your contribution to the ecosystem.

...>........... ...P
.............# #
...####...........# ### .
........=....§...>###.## .###
...................#P.P##...#
................†............
#.............§.S..........#
#.............HHH.......#..
...<...........#@H....F##
....†......§...PS......#####
...?..........B...#§....#..##
.................###.....#..####
.................#.............#
.................#[.......######
.........#....<............##
..†......#.............##...#
..........#[............###.#


You could see a boulder beetle, a black mamba (ally target), 4 harpies, a
friendly blink frog (summoned) and a friendly water moccasin (summoned).

Vanquished Creatures
  A two-headed ogre (D:8)
  3 komodo dragons (Lair:1)
  2 polar bears
  A wyvern (D:8)
  6 yaks (Lair:1)
  A basilisk (Lair:1)
  A steam dragon (D:7)
  Eustachio (D:5)
  2 vampire mosquitoes (D:6)
  Duvessa (D:4)
  3 sky beasts (D:7)
  2 water moccasins (D:5)
  2 orc warriors
  2 black bears
  6 wolves (Lair:1)
  A centaur (D:5)
  2 phantoms (D:4)
  6 bullfrogs
  2 scorpions
  A gnoll sergeant (D:7)
  5 wights
  3 killer bees (D:8)
  Dowan (D:4)
  3 howler monkeys
  A hound (D:5)
  A jelly (D:6)
  2 iguanas (D:6)
  8 orc wizards
  4 gnolls (D:6)
  4 adders
  A white imp (D:7)
  2 ufetubi
  A worm (D:2)
  3 dart slugs
  16 orcs
  3 bats
  9 endoplasms
  A giant cockroach (D:1)
  8 goblins
  6 hobgoblins
  7 jackals (D:1)
  6 quokkas
  6 ball pythons
  3 frilled lizards
  2 kobolds (D:1)
  3 rats
155 creatures vanquished.

Vanquished Creatures (collateral kills)
  Erica (D:8)
  A cane toad (Lair:1)
  11 yaks
  A wyvern (Lair:1)
  A steam dragon (D:8)
  A basilisk (Lair:1)
  4 water moccasins
  An orc warrior (D:8)
  2 ice beasts
  4 wolves (Lair:1)
  2 bullfrogs
  A scorpion (D:5)
  6 wights
  3 killer bees (D:8)
  A howler monkey (D:7)
  2 hounds
  An orc priest (D:3)
  A gnoll bouda (D:8)
  5 orc wizards
  Robin (D:3)
  An adder (D:6)
  A worm (D:3)
  9 orcs
  3 goblins (D:3)
64 creatures vanquished.

Vanquished Creatures (others)
  An angel (D:4)
  A vampire mosquito (D:6)
  A black bear (D:6)
  A ballistomycete (D:5)
  A hound (D:5)
  A sleepcap (D:7)
  An orc wizard (D:6)
7 creatures vanquished.

Grand Total: 226 creatures vanquished

Notes
Turn   | Place    | Note
-------+----------+-------------------------------------------
     0 | D:1      | Orangeyouglad the Human Hedge Wizard began the quest for
                  | the Orb.
     0 | D:1      | Reached XP level 1. HP: 13/13 MP: 4/4
    69 | D:1      | Found a faded altar of an unknown god.
   187 | D:1      | Reached XP level 2. HP: 12/19 MP: 0/6
   309 | D:1      | Found Naddaidgh's One-of-a-Kind Rings.
   833 | D:1      | Reached XP level 3. HP: 24/24 MP: 2/7
   930 | D:1      | Learned a level 2 spell: Blink
  1326 | D:2      | Found a blossoming altar of Fedhas.
  1581 | D:2      | Became a worshipper of Fedhas Madash
  2148 | D:3      | Reached XP level 4. HP: 30/30 MP: 1/8
  2508 | D:3      | Learned a level 2 spell: Call Imp
  2710 | D:3      | Noticed Robin
  3330 | D:3      | Killed Robin
  3331 | D:3      | Reached XP level 5. HP: 17/36 MP: 4/9
  3465 | D:4      | Reached * piety under Fedhas
  3466 | D:4      | Reached skill level 1 in Fighting
  3806 | D:4      | Noticed Duvessa
  4139 | D:4      | Found a glowing silver altar of Zin.
  4141 | D:4      | Noticed an angel
  4143 | D:4      | Found a shimmering altar of Xom.
  4147 | D:4      | Noticed a phantom
  4179 | D:4      | Killed a phantom
  4180 | D:4      | Reached XP level 6. HP: 21/44 MP: 11/11
  4429 | D:4      | Noticed Dowan
  4489 | D:5      | Entered Level 5 of the Dungeon
  4578 | D:5      | Noticed Eustachio
  4589 | D:5      | Noticed an ice beast
  4640 | D:4      | Found a staircase to the Ecumenical Temple.
  4746 | D:4      | Reached XP level 7. HP: 19/50 MP: 12/12
  4889 | D:4      | Killed an angel
  5092 | D:4      | Killed Duvessa
  5504 | D:5      | Noticed a water moccasin
  5639 | D:5      | Reached XP level 8. HP: 54/58 MP: 14/14
  5819 | D:5      | Found Tir Odgh's Antique Armour Shop.
  5820 | D:5      | Found Zoedyot's Jewellery Emporium.
  6074 | D:5      | Reached skill level 1 in Maces & Flails
  6166 | D:5      | Found a sacrificial altar of Ru.
  6166 | D:5      | Found an iron altar of Okawaru.
  6166 | D:5      | Found a sparkling altar of Nemelex Xobeh.
  6198 | D:4      | Killed Dowan
  6199 | D:4      | Reached skill level 5 in Dodging
  6343 | D:5      | Reached ** piety under Fedhas
  6344 | D:5      | Reached skill level 2 in Maces & Flails
  6679 | D:5      | Killed Eustachio
  6708 | D:5      | Reached skill level 3 in Maces & Flails
  6826 | D:5      | Found an ornate altar of the Wu Jian Council.
  6826 | D:5      | Found a hide-covered altar of Uskayaw.
  6903 | D:5      | Learned a level 3 spell: Mephitic Cloud
  6913 | D:6      | Reached XP level 9. HP: 59/65 MP: 15/15
  6995 | D:6      | Found a white marble altar of Elyvilon.
  7120 | D:6      | Reached skill level 5 in Conjurations
  7132 | D:6      | Reached skill level 4 in Maces & Flails
  7745 | D:6      | Reached skill level 5 in Fighting
  7745 | D:6      | Reached skill level 1 in Air Magic
  7749 | D:6      | Reached skill level 5 in Summonings
  7942 | D:6      | Reached skill level 5 in Maces & Flails
  8138 | D:6      | Found a hazy altar of Hepliaklqana.
  8606 | D:7      | Reached XP level 10. HP: 74/74 MP: 16/16
  8726 | D:7      | Reached *** piety under Fedhas
  8870 | D:7      | Reached skill level 6 in Maces & Flails
  9166 | D:7      | Reached skill level 1 in Poison Magic
  9708 | D:7      | Learned a level 4 spell: Summon Lightning Spire
 10203 | D:8      | Reached skill level 7 in Maces & Flails
 10443 | D:8      | Found a staircase to the Lair.
 10488 | D:8      | Noticed a two-headed ogre
 10779 | D:8      | Killed a two-headed ogre
 10798 | D:8      | Reached **** piety under Fedhas
 11285 | D:8      | Reached skill level 8 in Maces & Flails
 11365 | D:8      | Noticed Erica
 11386 | D:8      | Killed Erica
 11387 | D:8      | Reached XP level 11. HP: 51/83 MP: 12/17
 11571 | D:8      | Found a basalt altar of Yredelemnul.
 11699 | Lair:1   | Entered Level 1 of the Lair of Beasts
 11933 | Lair:1   | Reached skill level 9 in Maces & Flails
 12653 | Lair:1   | Reached skill level 5 in Air Magic
 12918 | Lair:1   | Reached skill level 1 in Invocations
 13409 | Lair:2   | Noticed a lindwurm
 13446 | Lair:2   | Noticed a boulder beetle
 13456 | Lair:1   | Reached skill level 10 in Maces & Flails
 13642 | Lair:1   | Reached XP level 12. HP: 44/92 MP: 18/18
 14245 | Lair:2   | Reached ***** piety under Fedhas
 14247 | Lair:2   | HP: 3/92 [black mamba (6)]
 14248 | Lair:2   | HP: 1/92 [harpy (2)]
 14248 | Lair:2   | Slain by a black mamba

Illustrated notes

Levels and vault maps discovered:
D:1:      lemuel_arrival_muddy, layout_loops_ring, basic_ecumenical_altar,
          nicolae_shop_unique_rings
D:2:      layout_loops_ring, basic_altar
D:3:      layout_basic, uniq_robin
D:4:      layout_basic, grunt_temple_overflow_order_and_chaos_1,
          minmay_temple_entry_ruins, uniq_duvessa
D:5:      layout_basic, chequers_temple_overflow_statue_of_worship,
          gammafunk_temple_overflow_statue, nicolae_wooded_promenade,
          minmay_manual_moon, uniq_eustachio
D:6:      layout_loops_ring, worldfamousw_hep_ancestral_shrine,
          general_overflow_altar, grunt_ministairs_9, st_stairs_14,
          minmay_a_box_with_orc_wizards_in_it
D:7:      layout_cave_pools, minmay_increasing_density
D:8:      kennysheep_blocky_hall, layout_basic, marbit_many_paths,
          lair_entry_dummy, glass_columns_b, uniq_erica
Lair:1:   layout_gridlike, chequers_serial_rivers_micro_d, beast_lair_carwin_1
Lair:2:   layout_cave_shapes, nicolae_shoals_entry_roost,
          ebering_ghost_inner_flame, hibernation_bobbens, serial_bayou_shore_b

Skill      XL: |  1  2  3  4  5  6  7  8  9 10 11 12 |
---------------+-------------------------------------+-----
Stealth        | 3 |  3.0
Conjurations   | 2 3 4 5 |  5.3
Dodging        | 3 4 5 6 7 8 |  8.8
Fighting       | 1 2 3 4 5 6 8 |  8.1
Summonings     | 2 3 4 5 7 8 |  8.2
Spellcasting   | 4 |  4.0
Maces & Flails | 3 5 8 10 | 10.2
Air Magic      | 2 3 5 |  5.0
Poison Magic   | 2 |  2.0
Translocations | 2 |  2.0
Invocations    | 1 2 |  2.3

Action                     |  1- 3 |  4- 6 |  7- 9 | 10-12 || total
---------------------------+-------+-------+-------+-------++-------
  Melee: Dagger            |    57 |       |       |       ||    57
         Short sword       |    53 |    28 |       |       ||    81
         Mace              |       |    66 |   213 |   309 ||   588
         Trident           |       |     6 |       |       ||     6
         Punch             |       |       |     2 |     9 ||    11
         Unarmed           |       |       |     5 |       ||     5
   Cast: Magic Dart        |    76 |    94 |   100 |    64 ||   334
         Call Imp          |       |    12 |    25 |    35 ||    72
         Blink             |       |     3 |     2 |     5 ||    10
         Mephitic Cloud    |       |       |    13 |    41 ||    54
         Summon Lightning  |       |       |       |    36 ||    36
  Evoke: Wand              |       |       |    11 |     5 ||    16
    Use: Scroll            |       |       |     7 |     7 ||    14
   Stab: Sleeping          |     1 |       |     1 |       ||     2
         Confused          |       |       |     8 |    17 ||    25
         Distracted        |       |       |     1 |     4 ||     5
 Armour: Robe              |    29 |    46 |   112 |   102 ||   289
  Dodge: Dodged            |    97 |    82 |   261 |   264 ||   704
